 Dungeon Crawl Stone Soup version 0.30.0-29-ga12c61a403 (webtiles) character file.

Game seed: 14813443265349931823

63 monsoonserge the Ducker (level 4, -2/37 HPs)
             Began as a Merfolk Monk on June 16, 2023.
             Slain by Ijyb
             ... wielding a +0 dagger
              (5 damage)
             ... on level 3 of the Dungeon.
             The game lasted 00:04:37 (1757 turns).

monsoonserge the Ducker (Merfolk Monk)              Turns: 1757, Time: 00:04:38

Health: -2/37      AC:  3    Str: 11    XL:     4   Next: 9%
Magic:  4/4        EV: 13    Int: 15    God:
Gold:   153        SH:  0    Dex: 18    Spells: 3/3 levels left

rFire   . . .        a - +1 dagger (speed)
rCold   . . .        d - orb {light}
rNeg    . . .        h - +0 leather armour
rPois   .            (no helmet)
rElec   .            (no cloak)
rCorr   .            (no gloves)
SInv    .            (no boots)
Will    .....        (no amulet)
Stlth   +            m - +6 ring of intelligence
HPRegen 0.26/turn    (no ring)
MPRegen 0.09/turn

%: no passive effects
@: confused, glowing
A: (nimble swimmer 2), mertail
a: no special abilities


You were on level 3 of the Dungeon.
You visited 1 branch of the dungeon, and saw 3 of its levels.

You collected 153 gold pieces.

Inventory:

Hand Weapons
 a - a +1 dagger of speed (weapon)
 b - a +0 sling
 c - a +2 whip of flaming
 e - a +0 falchion
Missiles
 j - 4 curare-tipped darts (quivered)
Armour
 d - an orb of light (worn)
 h - a +0 leather armour (worn)
 k - a +0 ring mail
 l - a +0 scale mail
 p - an orb of wrath
Jewellery
 m - a +6 ring of intelligence (left hand)
 o - a ring of fire
Scrolls
 f - 2 scrolls of teleportation {unknown}
 q - a scroll of fog {unknown}
 r - a scroll of identify {unknown}
 s - a scroll of enchant weapon {unknown}
Potions
 g - 2 potions of brilliance {unknown}
 i - a potion of mutation {unknown}
 n - a potion of ambrosia


   Skills:
 + Level 3.7 Fighting
 + Level 1.6(3.0) Short Blades
 + Level 4.0(4.1) Long Blades
 + Level 0.3 Ranged Weapons
 * Level 1.2 Armour
 + Level 4.4 Dodging


You had 3 spell levels left.
You didn't know any spells.
Your spell library contained the following spells:

 Spells                   Type           Power      Damage    Failure   Level
 Magic Dart               Conj           0%         1d3       34%         1
 Searing Ray              Conj           0%         2d4       47%         2
 Fulminant Prism          Conj/Hex       0%         3d5       98%         4


Dungeon Overview and Level Annotations

Branches:
Dungeon (3/15)

Altars:

Annotations:
D:3 Ijyb


Innate Abilities, Weirdness & Mutations

((You are very nimble when in or above water. (Stealth+, EV+, Speed+++)))
Your lower body shifts to a powerful aquatic tail in water.


Message History

Level annotation: Ijyb
There is a stone staircase leading up here.
You shoot a sling bullet. The sling bullet closely misses Ijyb.
Your hands tingle!
a - a +1 dagger of speed (weapon)
Ijyb barely misses you.
You hit Ijyb.
Ijyb is lightly wounded.
Ijyb zaps a wand.
Your will is overpowered!
You are confused.
You bump into the rock wall.
Ijyb hits you but does no damage. Ijyb hits you with a +0 dagger.
Ijyb misses you. Ijyb closely misses you.
The gnoll shouts!
Ijyb hits you with a +0 dagger.
You hit Ijyb but do no damage.
Ijyb is lightly wounded.
You hit Ijyb but do no damage.
Ijyb is lightly wounded.
You feel less confused. Ijyb hits you with a +0 dagger.
You hit Ijyb.
Ijyb is moderately wounded.
The gnoll sergeant hits you from afar with a +3 trident of flaming!
The gnoll sergeant burns you.
Ijyb zaps a wand.
Your will is overpowered!
You are confused.
The now-empty wand crumbles to dust.
You bump into the rock wall.
Ijyb hits you with a +0 dagger.
The gnoll sergeant hits you from afar with a +3 trident of flaming.
* * * LOW HITPOINT WARNING * * *
The gnoll sergeant burns you.
* * * LOW HITPOINT WARNING * * *
You bump into the rock wall.
The gnoll sergeant hits you from afar with a +3 trident of flaming.
* * * LOW HITPOINT WARNING * * *
The gnoll sergeant burns you.
* * * LOW HITPOINT WARNING * * *
Ijyb hits you with a +0 dagger.
You die...

#...## +....# ....# #...#
#######...# .......<..#
#######...###
........g...#####
#######..@#.......########
#....g....o........#
..........g...........
####.....".####.##.##g#
#......g.........gg#
#...##.#.##.##.##..# #....
..........<..# #....
..............
.........#..#


You could see a gnoll sergeant, Ijyb, 2 gnolls and an orc.

Vanquished Creatures
  3 adders (D:2)
  A worm (D:2)
  A dart slug (D:1)
  2 bats (D:2)
  4 endoplasms
  2 goblins
  A hobgoblin (D:1)
  3 jackals
  3 kobolds (D:2)
  A quokka (D:1)
  3 ball pythons
  A frilled lizard (D:2)
  5 rats (D:1)
30 creatures vanquished.

Notes
Turn   | Place    | Note
-------+----------+-------------------------------------------
     0 | D:1      | monsoonserge the Merfolk Monk began the quest for the Orb.
     0 | D:1      | Reached XP level 1. HP: 18/18 MP: 1/1
   156 | D:1      | You fall into a shaft and drop 1 floor!
   250 | D:3      | Reached XP level 2. HP: 16/24 MP: 2/2
   559 | D:1      | Reached skill level 1 in Short Blades
   559 | D:1      | Reached XP level 3. HP: 29/29 MP: 3/3
  1252 | D:2      | Reached skill level 1 in Armour
  1283 | D:2      | Reached XP level 4. HP: 35/37 MP: 4/4
  1630 | D:3      | Noticed a gnoll sergeant
  1723 | D:3      | Noticed Ijyb
  1757 | D:3      | Slain by Ijyb

Illustrated notes

Levels and vault maps discovered:
D:1:      lightli_arrival_statue_moat, layout_loops_ring
D:2:      layout_loops_ring
D:3:      layout_basic, gammafunk_ghost_icy, uniq_grinder, uniq_ijyb

Skill      XL: |  1  2  3 |
---------------+----------+-----
Short Blades   | 1 |  1.6
Long Blades    | 4 |  4.0
Armour         | 1 |  1.2
Fighting       | |  3.7
Ranged Weapons | |  0.3
Dodging        | |  4.4

Action                     |  1- 3 |  4- 6 || total
---------------------------+-------+-------++-------
  Melee: Dagger            |   108 |     9 ||   117
         Falchion          |     2 |       ||     2
   Fire: Sling             |    13 |     5 ||    18
    Use: Potion            |     1 |       ||     1
 Armour: Leather armour    |    19 |     1 ||    20
         Robe              |     1 |       ||     1
  Dodge: Dodged            |    63 |     8 ||    71
